 Dungeon Crawl Stone Soup version 0.31.0-11-ge490571c62 (webtiles) character file.

Game seed: 14983932146547525798

144 qw the Ducker (level 5, 0/26 HPs)
             Began as a Spriggan Hunter on Feb 4, 2024.
             Killed by divine providence
             ... invoked by an orc priest
              (12 damage)
             ... on level 3 of the Dungeon.
             The game lasted 00:00:06 (1699 turns).

qw the Ducker (Spriggan Hunter)                     Turns: 1699, Time: 00:00:07

Health: 0/26       AC:  6    Str:  7    XL:     5   Next: 5%
Magic:  6/6        EV: 20    Int: 11    God:
Gold:   102        SH:  0    Dex: 20    Spells: 4/4 levels left

rFire   . . .        a - +0 shortbow
rCold   . . .        (shield currently unavailable)
rNeg    . . .        c - +0 robe
rPois   .            (helmet restricted)
rElec   .            (no cloak)
rCorr   .            (gloves unavailable)
SInv    +            (boots unavailable)
Will    .....        e - amulet of regeneration
Stlth   ++           d - +4 ring of protection
HPRegen 1.04/turn    (no ring)
MPRegen 0.10/turn

%: no passive effects
@: very quick
A: very small, no large weapons, unfitting armour, see invisible, speed 3
a: no special abilities


You were on level 3 of the Dungeon.
You visited 1 branch of the dungeon, and saw 3 of its levels.

You collected 102 gold pieces.


Innate Abilities, Weirdness & Mutations

You are very small and have problems with some larger weapons.
You are too small for most types of armour.
You have supernaturally acute eyesight. (SInv)
You cover ground extremely quickly. (Speed+++)


   Skills:
 + Level 1.7 Fighting
 - Level 5.2 Ranged Weapons
 - Level 5.3 Dodging
 - Level 1.5 Stealth


You had 4 spell levels left.
You didn't know any spells.
Your spell library was empty.

Inventory:

Hand Weapons
 a - a +0 shortbow (weapon)
Armour
 c - a +0 robe (worn)
Jewellery
 d - a +4 ring of protection (left hand)
 e - an amulet of regeneration (around neck)
Wands
 f - a wand of flame (20)
Potions
 b - a potion of curing {unknown}
 g - a potion of degeneration {unknown}

Dungeon Overview and Level Annotations

Branches:
Dungeon (3/15)

Altars:
Vehumet


Message History

The giant cockroach is heavily wounded.
The giant cockroach barely misses you.
You shoot an arrow. The arrow hits the giant cockroach.
You kill the giant cockroach!
f - a wand of flame (20)
There is an open door here.
You see here a +2 dagger of venom.
Enter note: You open the door.
There is an open door here.
You open the door.
There is an open door here.
You open the door.
There is an open door here.
Found a stone staircase leading down.
You see here a bat corpse.
A ball python comes into view.
The ball python hisses angrily.
You shoot an arrow.
The arrow hits the ball python but does no damage.
You shoot an arrow. The arrow hits the ball python.
You kill the ball python!
Found a scroll of noise.
You now have 102 gold pieces (gained 14).
An orc priest comes into view. It is wielding a +0 club.
You shoot an arrow. The arrow hits the orc priest.
The orc priest shouts!
The orc priest is moderately wounded.
You shoot an arrow.
The arrow hits the orc priest but does no damage.
The orc priest is moderately wounded.
The orc priest mumbles some strange prayers to Beogh against you.
Beogh smites you!
Ouch! That really hurt!
You hear a shout!
You shoot an arrow. The arrow hits the orc priest!
The orc priest is severely wounded.
The orc priest mumbles some strange prayers to Beogh against you.
Beogh smites you!
You die...

.. ..#.#. #.. #.#
...#. # #o#.#
.....#.#.#. #.
..#...##.##...#.:. ##.
#.#.#.#...#.#.#.#.
#...#...#... ...#...#.
#...#.#.#.#...#.#.#.#.
#.....#...##.##...#...
#@#.#.......#.#.#.
#...##.###.##...#>
#.#...........#.##
...##.###.###.##..#
.?.#.............%.##
#...##.###.###.###.###
....
..................
########### ###
#######


You could see an orc priest.

Vanquished Creatures
  2 orc wizards
  2 adders
  A ribbon worm (D:2)
  2 orcs (D:2)
  3 bats
  4 endoplasms
  4 giant cockroaches
  4 goblins (D:2)
  11 hobgoblins
  3 jackals (D:1)
  5 quokkas
  5 ball pythons
  3 frilled lizards
  4 kobolds
  2 rats
55 creatures vanquished.

Vanquished Creatures (others)
  An orc wizard (D:2)
1 creature vanquished.

Grand Total: 56 creatures vanquished

Notes
Turn   | Place    | Note
-------+----------+-------------------------------------------
     0 | D:1      | qw the Spriggan Hunter began the quest for the Orb.
     0 | D:1      | Reached XP level 1. HP: 10/10 MP: 2/2
     0 | D:1      | 0 ||| qw: Version: 0.3-a-160-g6735b56
     0 | D:1      | 0 ||| qw: Game counter: 4936
     0 | D:1      | 0 ||| qw: Melee chars always use a shield: true
     0 | D:1      | 0 ||| qw: God list: Okawaru
     0 | D:1      | 0 ||| qw: Allow faded altars: false
     0 | D:1      | 0 ||| qw: Do Orc after clearing Dungeon:15 true
     0 | D:1      | 0 ||| qw: Do second Lair branch before Depths: true
     0 | D:1      | 0 ||| qw: Lair rune preference: random
     0 | D:1      | 0 ||| qw: Goals: Normal
     0 | D:1      | 0 ||| PLANNING D:1-11
   170 | D:1      | Reached skill level 3 in Dodging
   256 | D:1      | Reached XP level 2. HP: 14/14 MP: 3/3
   639 | D:1      | 639 ||| UPGRADING to amulet of regeneration.
   644 | D:1      | 644 ||| UPGRADING to +4 ring of protection.
   645 | D:1      | 645 ||| READING scroll labelled NUOCED PEYWN.
   645 | D:1      | 645 ||| IDENTIFYING scroll labelled SEOSER DILOTUP
   646 | D:1      | 646 ||| READING scroll labelled INGI OL JUAGG.
   647 | D:1      | 647 ||| DROPPING scroll of butterflies.
   648 | D:1      | 648 ||| DROPPING scroll of revelation.
   650 | D:1      | 650 ||| Stepping ~*~*~tactically~*~*~ (cloud).
   715 | D:2      | Reached XP level 3. HP: 18/18 MP: 4/4
   824 | D:2      | Reached XP level 4. HP: 21/22 MP: 5/5
  1014 | D:2      | You fall into a shaft and drop 1 floor!
  1061 | D:3      | 1061 ||| READING scroll labelled YMIRUNW ZAONG.
  1606 | D:3      | Reached XP level 5. HP: 26/26 MP: 6/6
  1608 | D:3      | Found a radiant altar of Vehumet.
  1699 | D:3      | Killed from afar by an orc priest

Levels and vault maps discovered:
D:1:      nagdon_arrival_zigzag_paths, layout_basic
D:2:      layout_loops_ring
D:3:      layout_basic, jmf_multi_god_temple2, nicolae_vehumet_altar_sigil,
          mainiacjoe_overflow_paths, nicolae_ru_great_annihilating_truth,
          nicolae_concentric_dashed_squares_mild

Skill      XL: |  1  2  3  4 |
---------------+-------------+-----
Dodging        | 3 4 5 |  5.3
Ranged Weapons | 5 |  5.2
Fighting       | |  1.7
Stealth        | |  1.5

Action                     |  1- 3 |  4- 6 || total
---------------------------+-------+-------++-------
   Fire: Shortbow          |    76 |    74 ||   150
    Use: Scroll            |     2 |     1 ||     3
 Armour: Robe              |     7 |    12 ||    19
  Dodge: Dodged            |    18 |    20 ||    38

Table legend:
 A = Non-vault XP
 B = Vault XP
 C = Vault XP percentage of total XP
 D = Non-vault monster count
 E = Vault monster count
 F = Vault count percentage of total count
                 A         B        C        D         E       F
            +---------+---------+-------+---------+---------+-------
      Total |     171 |      35 |  17.0 |      55 |       1 |   1.8
            +---------+---------+-------+---------+---------+-------
        D:1 |      33 |       0 |   0.0 |      19 |       0 |   0.0
        D:2 |     113 |       0 |   0.0 |      27 |       0 |   0.0
        D:3 |      25 |      35 |  58.3 |       9 |       1 |  10.0
            +---------+---------+-------+---------+---------+-------
